AoeStats
← [Wildpigs] El Jochu

Arabia

509793720Analyzed
2v2 RM · 5d ago on Sep 28, 2026· 14m 31s· 4 players
Game mode
Random Map
Map size
Medium (4 player)
Population
200
Speed
Normal
Resources
Standard
Victory
Conquest
Starting age
Dark Age
Ending age
Imperial Age
RankedLock teamsTeams togetherTeam positionsShared explorationLock speedFull tech treeHidden civsTurbo modeCheats
Victory
Defeat
🇨🇦 Malay · Canada
929
+17
🇨🇦 Franks · Canada
928
+17
🇦🇷 Celts · Argentina
954
-17
🇲🇽 Franks · Mexico
942
-17
Mohammad Shah
0:44 Loom
11:12 Feudal Age
10:53 Double-Bit Axe
GreatCyrus1404
7:15 Loom
10:02 Feudal Age
10:41 Double-Bit Axe
[Wildpigs] El Jochu
2:25 Loom
11:10 Feudal Age
gastondalf
0:27 Loom
13:10 Feudal Age
14:07 Horse Collar
14:15 Double-Bit Axe
Connection lost

Rejoining the realm…

Still unreachable

The connection could not be restored.

Session expired

The server has moved on; the page needs a fresh start.